AoeStats
← yvetteabernathydam

Scandinavia

510850481Analyzed
1v1 RM · 11h ago on Oct 2, 2026· 35m 38s· 2 players
Game mode
Random Map
Map size
Tiny (2 player)
Population
200
Speed
Normal
Resources
Standard
Victory
Conquest
Starting age
Dark Age
Ending age
Imperial Age
RankedLock teamsTeams togetherTeam positionsShared explorationLock speedFull tech treeHidden civsTurbo modeCheats
Victory
Defeat
🇨🇳 Khmer · China
1048
+46
🇦🇷 Mongols · Argentina
1047
-16
Bvptistvs III
6:33 Loom
8:55 Feudal Age
13:56 Forging
19:39 Castle Age
18:53 Bloodlines
20:51 Double-Bit Axe
20:54 Horse Collar
23:24 Bow Saw
24:35 Wheelbarrow
24:53 Scale Barding Armor
27:26 Gold Mining
28:00 Chain Barding Armor
28:57 Stone Mining
31:16 Iron Casting
34:45 Gold Shaft Mining
38:04 Imperial Age
yvetteabernathydam
10:07 Loom
12:18 Feudal Age
15:19 Castle Age
13:08 Double-Bit Axe
13:05 Horse Collar
16:28 Bow Saw
16:20 Heavy Plow
20:10 Stone Mining
21:46 Wheelbarrow
22:59 Gold Mining
24:31 Stone Shaft Mining
24:31 Gold Shaft Mining
23:30 Pikeman
23:56 Arson
24:57 Forging
24:49 Scale Mail Armor
26:14 Iron Casting
26:51 Chain Mail Armor
26:54 Hand Cart
26:25 Town Watch
27:11 Fletching
31:12 Imperial Age
29:26 Bodkin Arrow
32:08 Ballistics
31:45 Murder Holes
32:00 Masonry
31:16 Halberdier
33:45 Blast Furnace
33:10 Bracer
34:22 Conscription
34:39 Hoardings
34:29 Scale Barding Armor
34:24 Padded Archer Armor
34:49 Town Patrol
Connection lost

Rejoining the realm…

Still unreachable

The connection could not be restored.

Session expired

The server has moved on; the page needs a fresh start.